cohdb
Replays
Latest Replays
All Replays
Popular Replays
Top Player Replays
Match Explorer
How It Works
Community
CoH3 Stats
Reddit
Sign in to upload your games and track your stats! →
Sign in with Steam
Match 39441319
Unlisted
Match 39441319
Overview
Messages
Build Orders
End
Kettenkrad Recon Vehicle
Construct Infanterie Kompanie
Selects Terror Battlegroup
MG 42 Machine Gun Team
Grenadier Squad
Sniper
Construct Luftwaffe Kompanie
Selects Heavy Gunnery
221 Scout Car
Construct Panzer Kompanie
Medical Bunker
Panzer IV Medium Tank
Selects No Quarter
Panzer Officer Quarters
Side Skirts
[CoA] Deathkrieg
Turtleboy
FoxOnTheFront
simiver
EpikSkillz
minocin
lightfalcon
Lyara
0
0
Comments
sign in to comment!
No comments posted yet!